 Dungeon Crawl Stone Soup version 0.20.0-15-g7f486f2 (webtiles) character file.

3716 GsBirdie the Fighter (level 9, -14/75 HPs)
             Began as a Minotaur Berserker on June 9, 2017.
             Was an Elder of Trog.
             Demolished by a two-headed ogre
             ... wielding a +0 giant club
              (16 damage)
             ... on level 8 of the Dungeon.
             The game lasted 00:18:42 (8304 turns).

GsBirdie the Fighter (Minotaur Berserker)           Turns: 8304, Time: 00:18:43

Health: -14/75     AC:  5    Str: 23    XL:     9   Next: 91%
Magic:  20/20      EV: 13    Int:  7    God:    Trog [****..]
Gold:   445        SH:  0    Dex: 13    Spells: 8/8 levels left

rFire    . . .     SeeInvis +   s - +3 hand axe
rCold    . . .     Gourm    .   (no shield)
rNeg     . . .     Faith    +   D - +0 ring mail
rPois    .         Spirit   .   (helmet restricted)
rElec    .         Reflect  .   r - scarf {repulsion}
rCorr    .         Harm     .   (no gloves)
MR       ++...                  (no boots)
Stlth    +.........             j - amulet of faith
Regen    1.3/turn               o - ring of see invisible
MPRegen  0.2/turn               B - ring of magical power

@: berserk cooldown, regenerating, drained, repel missiles
A: retaliatory headbutt, horns 2, agile 1, clever 1, frail 1, sense surroundings
1
a: Berserk, Trog's Hand, Brothers in Arms, Burn Spellbooks, Renounce Religion


You were on level 8 of the Dungeon.
You worshipped Trog.
Trog was greatly pleased with you.
You were not hungry.

You visited 1 branch of the dungeon, and saw 8 of its levels.

You collected 445 gold pieces.

Inventory:

Hand Weapons
 s - a +3 hand axe (weapon)
Missiles
 u - 6 tomahawks (quivered)
Armour
 r - a scarf of repulsion (worn)
 D - a +0 ring mail (worn)
Jewellery
 j - an amulet of faith (around neck)
 o - a ring of see invisible (left hand)
 B - a ring of magical power (right hand)
Wands
 C - a wand of digging (13/24)
 I - a wand of lightning (5/15)
 K - a wand of confusion (6/48)
 O - a wand of flame (27/48)
 R - a wand of flame (25/48)
Scrolls
 a - a scroll of immolation {unknown}
 b - a scroll of silence {unknown}
 f - 2 scrolls of blinking {unknown}
 g - 3 scrolls of identify {unknown}
 h - a scroll of recharging {unknown}
 i - 3 scrolls of remove curse
 l - 3 scrolls of random uselessness {unknown}
 q - a scroll of fog {unknown}
 t - a scroll of amnesia {unknown}
 y - a scroll of fear {unknown}
 F - 3 scrolls of magic mapping {unknown}
 L - a scroll of enchant weapon {unknown}
 M - a scroll of teleportation {unknown}
 N - a scroll of enchant armour {unknown}
 Q - a scroll of acquirement {unknown}
Potions
 d - 4 potions of brilliance {unknown}
 e - a potion of flight {unknown}
 k - 2 potions of berserk rage {unknown}
 n - a potion of mutation {unknown}
 v - a potion of degeneration {unknown}
 w - a potion of might {unknown}
 x - 2 potions of lignification {unknown}
 z - a potion of heal wounds {unknown}
 A - a potion of curing {unknown}
 E - a potion of ambrosia {unknown}
 J - 2 potions of agility
 P - a potion of cancellation {unknown}
Books
 G - a book of Battle

   Spells                             Type                      Level
   a - Infusion                       Charms                       1
   b - Shroud of Golubria             Charms/Translocation         2
   c - Song of Slaying                Charms                       2
   d - Spectral Weapon                Hexes/Charms                 3
   e - Regeneration                   Charms/Necromancy            3
   Trog disapproves of the use of such an item.
Comestibles
 c - 3 bread rations
 m - 4 royal jellies
 p - 4 fruits
 H - 5 chunks of flesh


   Skills:
 + Level 9.4(8.2) Fighting
 + Level 9.2(8.0) Axes
 - Level 6.0(4.9) Throwing
 - Level 5.3(4.3) Armour
 - Level 5.1(4.0) Dodging
 * Level 4.7(3.7) Evocations


You had 8 spell levels left.
You didn't know any spells.

Dungeon Overview and Level Annotations

Branches:
Dungeon (8/15)             Temple (0/1) D:5
   Lair: D:8-11

Altars:
Ashenzari
Dithmenos
Gozag
Hepliaklqana
Makhleb
Nemelex Xobeh
Okawaru
Ru
Sif Muna
Vehumet
Xom


Innate Abilities, Weirdness & Mutations

You reflexively headbutt those who attack you in melee.
You have a pair of horns on your head.
You are agile. (Dex +2)
Your mind is acute. (Int +2)
You are frail. (-10% HP)
You passively map a small area around you.


Message History

You feel resistant to hostile enchantments.
You feel quite a bit more hungry.
The two-headed ogre hits you with a giant club!
* * * LOW HITPOINT WARNING * * *
The two-headed ogre barely misses you.
Things that are here:
an enchanted spear; a robe The two-headed ogre closely misses you.
The two-headed ogre hits you with a giant club!
* * * LOW HITPOINT WARNING * * *
You feel yourself speed up.
A centaur comes into view.
The centaur shouts!
The centaur wields a shortbow.
The centaur shoots an arrow.
The arrow is repelled.
The centaur shoots an arrow.
The arrow barely misses you.
The two-headed ogre hits you with a giant club!
* * * LOW HITPOINT WARNING * * *
The two-headed ogre hits you with a giant club!
You die...

,..............#
................# ###
#................######..
#........................
#..........#####.........
#####..........#
#.........
#..............#
########..
#........(.....########
##..
#...........@..........
....
#..........O...........
....
#......................
.... *
###................. ....
##...#####......... ....
#.................. ....
#...........c...... ....
#####..................
....
#.))..................
....


You could see a two-headed ogre and a centaur.

Vanquished Creatures
  The ghost of Naow the Cleaver, a novice HOFi of Beogh (D:5)
  A komodo dragon (D:8)
  A hippogriff (D:6)
  A wyvern (D:8)
  Edmund (D:4)
  An ice beast (D:8)
  The ghost of Name63 the Skirmisher, an amateur MiMo (D:3)
  3 sky beasts
  4 centaurs
  3 ogres
  Blork the orc (D:6)
  2 bullfrogs (D:7)
  3 scorpions
  7 wights
  A bullfrog zombie (D:5)
  8 crimson imps
  A quasit (D:7)
  2 jellies
  3 orc priests
  3 hounds
  A bullfrog skeleton (D:7)
  2 iguanas (D:6)
  2 orc wizards
  5 worker ants
  A hound skeleton (D:5)
  A worker ant zombie (D:5)
  12 adders
  2 oozes
  2 adder skeletons
  2 worms
  3 dart slugs
  3 leopard geckos
  14 orcs
  6 giant cockroaches
  8 goblins
  4 hobgoblins
  2 jackals (D:6)
  8 kobolds
  5 quokkas
  A ball python (D:6)
  6 bats
  8 frilled lizards
  A quokka zombie (D:7)
  4 rats
151 creatures vanquished.

Vanquished Creatures (others)
  4 plants (D:8)
4 creatures vanquished.

Grand Total: 155 creatures vanquished

Notes
Turn   | Place    | Note
-------+----------+-------------------------------------------
     0 | D:1      | GsBirdie the Minotaur Berserker began the quest for the Orb.
     0 | D:1      | Reached XP level 1. HP: 19/19 MP: 0/0
   461 | D:1      | Reached XP level 2. HP: 26/27 MP: 1/1
   835 | D:2      | Found an iron altar of Okawaru.
   842 | D:2      | Reached XP level 3. HP: 33/33 MP: 2/2
  1002 | D:2      | Found a deep blue altar of Sif Muna.
  1116 | D:2      | Reached ** piety under Trog
  1203 | D:2      | Found a radiant altar of Vehumet.
  1373 | D:2      | Reached XP level 4. HP: 35/40 MP: 3/3
  1400 | D:2      | Found a shadowy altar of Dithmenos.
  1558 | D:2      | Found a sparkling altar of Nemelex Xobeh.
  2023 | D:3      | Noticed Name63's ghost (amateur MiMo)
  2030 | D:3      | Killed Name63's ghost
  2030 | D:3      | Reached skill level 5 in Armour
  2030 | D:3      | Reached XP level 5. HP: 47/47 MP: 4/4
  2284 | D:3      | Reached skill level 5 in Fighting
  2784 | D:4      | Reached XP level 6. HP: 42/56 MP: 5/5
  2788 | D:4      | Reached skill level 5 in Axes
  2789 | D:4      | Reached *** piety under Trog
  2830 | D:4      | Noticed Edmund
  2838 | D:4      | Killed Edmund
  2986 | D:4      | Found a shattered altar of Ashenzari.
  3429 | D:4      | Found a sacrificial altar of Ru.
  3481 | D:4      | Reached XP level 7. HP: 24/62 MP: 6/6
  3918 | D:5      | Entered Level 5 of the Dungeon
  4021 | D:5      | Reached skill level 5 in Dodging
  4520 | D:5      | Reached skill level 1 in Throwing
  4554 | D:5      | Found a hazy altar of Hepliaklqana.
  4578 | D:5      | Found a staircase to the Ecumenical Temple.
  4579 | D:5      | Noticed Naow's ghost (novice HOFi)
  4593 | D:5      | Killed Naow's ghost
  4593 | D:5      | Reached XP level 8. HP: 15/71 MP: 7/7
  5806 | D:6      | Noticed a hippogriff
  5826 | D:6      | Killed a hippogriff
  5826 | D:6      | Reached skill level 5 in Throwing
  5929 | D:6      | Found an opulent altar of Gozag.
  5936 | D:6      | Reached XP level 9. HP: 81/81 MP: 8/8
  5965 | D:6      | Noticed Blork the orc
  5979 | D:6      | Killed Blork the orc
  6376 | D:7      | Reached skill level 1 in Evocations
  6386 | D:7      | Gained mutation: You are agile. (Dex +2) [mutagenic meat]
  6387 | D:7      | Gained mutation: You passively map a small area around you. [mutagenic meat]
  6540 | D:7      | Reached **** piety under Trog
  7176 | D:7      | Found a burning altar of Makhleb.
  7177 | D:7      | Found a shimmering altar of Xom.
  7255 | D:8      | Gained mutation: Your mind is acute. (Int +2) [mutagenic meat]
  7256 | D:8      | Gained mutation: You are frail. (-10% HP) [mutagenic meat]
  7258 | D:8      | Gained mutation: You are very frail. (-20% HP) [mutagenic meat]
  7259 | D:8      | Lost mutation: You are very frail. (-20% HP) [mutagenic meat]
  8032 | D:8      | Received a gift from Trog
  8265 | D:8      | Noticed a komodo dragon
  8271 | D:8      | Killed a komodo dragon
  8280 | D:8      | Noticed a two-headed ogre
  8304 | D:8      | HP: 2/75 [two-headed ogre/giant club (14)]
  8304 | D:8      | Demolished by a two-headed ogre

Skill      XL: |  1  2  3  4  5  6  7  8  9 |
---------------+----------------------------+-----
Armour         | 3 4 5 |  5.3
Fighting       | 4 5 6 8 9 |  9.4
Axes           | 4 5 6 7 9 |  9.2
Dodging        | 4 5 |  5.1
Throwing       | 3 5 6 |  6.0
Evocations     | 4 |  4.7

Action                   |  1- 3 |  4- 6 |  7- 9 || total
-------------------------+-------+-------+-------++-------
Melee: Hand axe          |    76 |   100 |   235 ||   411
       Headbutt          |    12 |    18 |    46 ||    76
Throw: Tomahawk          |       |       |     1 ||     1
Invok: Trog's Hand       |     1 |     3 |     5 ||     9
       Berserk           |       |     3 |     4 ||     7
  Use: Scroll            |       |       |     1 ||     1
 Stab: Sleeping          |     1 |       |       ||     1
  Eat: Chunk             |     2 |     9 |    15 ||    26
       Meat ration       |       |       |     3 ||     3
Armor: Animal skin       |     7 |     9 |     3 ||    19
       Ring mail         |       |       |    45 ||    45
Dodge: Dodged            |    43 |    79 |   148 ||   270
       Deflected         |       |    11 |     8 ||    19
